 Dungeon Crawl Stone Soup version 0.29.1-15-g9cfb28693d (webtiles) character file.

Game seed: 1579449293025374162

3332 booth the Cleaver (level 9, -1/71 HPs)
             Began as a Demonspawn Gladiator on Mar 16, 2023.
             Was an Initiate of Yredelemnul.
             Slain by a yak (5 damage)
             ... on level 8 of the Dungeon on Mar 17, 2023.
             The game lasted 00:45:29 (8472 turns).

booth the Cleaver (Demonspawn Gladiator)            Turns: 8472, Time: 00:45:29

Health: -1/71      AC: 13    Str: 18    XL:     9   Next: 71%
Magic:  10/11      EV: 16    Int: 10    God:    Yredelemnul [......]
Gold:   454        SH:  0    Dex: 21    Spells: 8/8 levels left

rFire   + . .      SeeInvis .   a - +3 war axe
rCold   . . .      Faith    .   (no shield)
rNeg    . . .      Spirit   .   f - +3 leather armour {rF+}
rPois   .          Reflect  .   l - +1 hat
rElec   .          Harm     .   s - +1 cloak
rCorr   .          Rampage  .   p - +1 pair of gloves
Will    +....                   (no boots)
Stlth   ++........              (no amulet)
HPRegen 1.21/turn               c - ring of willpower
MPRegen 0.12/turn               u - +6 ring of dexterity

@: hasted, very quick
A: antennae 2, thin metallic scales 1, powered by death 1, spiny 3
a: Renounce Religion, Recall Undead Harvest


You were on level 8 of the Dungeon.
You worshipped Yredelemnul.
Yredelemnul was noncommittal.
You visited 1 branch of the dungeon, and saw 8 of its levels.

You collected 611 gold pieces.
You spent 157 gold pieces at shops.

Inventory:

Hand Weapons
 a - a +3 war axe (weapon)
 n - a +2 mace
 w - a +5 flail
 C - a +1 battleaxe of freezing
Missiles
 d - 3 throwing nets (quivered)
 h - 23 poisoned darts
 i - 6 curare-tipped darts
 q - 6 boomerangs
Armour
 b - a +0 leather armour
 f - a +3 leather armour of fire resistance (worn)
 l - a +1 hat (worn)
 p - a +1 pair of gloves (worn)
 s - a +1 cloak (worn)
Jewellery
 c - a ring of willpower (left hand)
 u - a +6 ring of dexterity (right hand)
Wands
 o - a wand of iceblast (8)
 r - a wand of quicksilver (14)
Scrolls
 j - 2 scrolls of teleportation
 t - 2 scrolls of fear {unknown}
 v - a scroll of amnesia {unknown}
 y - a scroll of butterflies
 z - 2 scrolls of immolation {unknown}
 A - a scroll of blinking
Potions
 k - 3 potions of curing
 m - 3 potions of ambrosia
 x - a potion of mutation {unknown}
 B - a potion of might {unknown}


   Skills:
 + Level 6.4 Fighting
 * Level 8.0(8.1) Axes
 + Level 1.6(5.3) Maces & Flails
 + Level 5.8 Throwing
 + Level 6.2 Dodging
 + Level 2.7 Invocations


You had 8 spell levels left.
You didn't know any spells.
Your spell library contained the following spells:

 Spells                   Type           Power      Damage    Failure   Level
 Apportation              Tloc           0%         N/A       41%         1
 Beastly Appendage        Tmut           0%         N/A       41%         1
 Foxfire                  Conj/Fire      0%         2x1d4     41%         1
 Magic Dart               Conj           0%         1d3       41%         1
 Necrotise                Necr           0%         1d4       41%         1
 Sandblast                Erth           0%         2d4       41%         1
 Summon Small Mammal      Summ           0%         N/A       41%         1
 Passwall                 Tmut/Erth      0%         N/A       56%         2
 Searing Ray              Conj           0%         2d4       56%         2
 Wereblood                Tmut           0%         N/A       56%         2
 Conjure Flame            Conj/Fire      0%         6-21      80%         3
 Ignite Poison            Fire/Tmut/Pois 0%         N/A       80%         3
 Inner Flame              Hex/Fire       0%         N/A       80%         3
 Spider Form              Tmut/Pois      0%         N/A       80%         3
 Stone Arrow              Conj/Erth      0%         3d7       80%         3
 Flame Wave               Conj/Fire      0%         2d4       99%         4
 Fulminant Prism          Conj/Hex       0%         3d6       99%         4
 Sticky Flame             Conj/Fire      0%         2d3       99%         4
 Conjure Ball Lightning   Conj/Air       0%         3x3d6     100%        6
 Discord                  Hex            0%         N/A       100%        8
 Disjunction              Tloc           0%         N/A       100%        8


Dungeon Overview and Level Annotations

Branches:
Dungeon (8/15)             Temple (0/1) D:4
   Lair: D:8-11

Altars:
Gozag
Okawaru
Ru
Sif Muna
Vehumet
Wu Jian
Yredelemnul

Shops:
D:5 =   D:7 *(

Annotations:
D:8 Joseph


Innate Abilities, Weirdness & Mutations

You have a pair of antennae on your head.
You are partially covered in thin metallic scales. (AC +2)
You regenerate a little health from kills.
You are completely covered in sharp spines.


Message History

The yak gores you but does no damage.
You slash the yak!
The yak is lightly wounded.
The yak gores you but does no damage.
You hit the yak.
The yak is moderately wounded.
The yak gores you.
You hit the yak.
The yak is moderately wounded.
The yak gores you but does no damage.
You hit the yak.
The yak is heavily wounded.
The yak is struck by your spines. The yak gores you!
You slash the yak!
The yak is almost dead.
The yak gores you but does no damage.
You completely miss the yak.
The yak is almost dead.
The yak misses you.
You hit the yak but do no damage.
The yak is almost dead.
The yak gores you.
* * * LOW HITPOINT WARNING * * *
You hit the yak.
The yak is almost dead.
The yak is struck by your spines.
You kill the yak!
Joseph shoots a sling bullet.
The sling bullet hits you!
* * * LOW HITPOINT WARNING * * *
Your Axes skill increases to level 8!
You feel better.
You hit the yak.
The yak is moderately wounded.
The yak gores you!
* * * LOW HITPOINT WARNING * * *
The yak is struck by your spines. The yak closely misses you.
You feel yourself speed up. The yak is struck by your spines.
The yak gores you.
You die...
Your body rises from the dead as a mindless zombie.

#.. ##.# # (... #####...
####..# # ....
##...##.##...###### .....
#.8.8.#.#.8.8.#..## .....
#.._..#.#.._..##.##
......#.8...#.#...8.#[...
......##...'#.#'...###.##
.......#####...#####.....
...?..@Y@....⌠.........##
....(..#####...#####.#.##
......##...Z#.#')..###...
#####+#.8...#.#[).8.#....
#.._..#.#.._..#####
#.8.8.#.#.8.8.#
##...##.##...###
#.....#####...#####.####
##......#. #[............


You could see Joseph and a yak.

Vanquished Creatures
  Sigmund (D:6)
  4 yaks (D:8)
  2 steam dragons
  Duvessa (D:6)
  An orc warrior (D:6)
  2 sky beasts
  A black bear (D:4)
  2 ice beasts (D:6)
  A centaur (D:5)
  2 bullfrogs
  A scorpion (D:5)
  A necrophage (D:4)
  6 wights
  Dowan (D:6)
  5 killer bees (D:5)
  An electric eel (D:6)
  Crazy Yiuf (D:4)
  2 jellies
  4 orc priests
  A gnoll bouda (D:7)
  3 orc wizards
  10 gnolls
  6 adders
  2 white imps (D:6)
  An ufetubus (D:6)
  3 dart slugs
  17 orcs
  3 bats
  10 endoplasms
  4 giant cockroaches
  4 goblins
  9 hobgoblins
  4 quokkas
  4 ball pythons
  2 frilled lizards (D:1)
  A kobold (D:3)
  4 rats
127 creatures vanquished.

Vanquished Creatures (collateral kills)
  An ice beast (D:7)
  A centaur (D:7)
  A gnoll bouda (D:6)
  A white imp (D:7)
  A worm (D:3)
  5 orcs
10 creatures vanquished.

Vanquished Creatures (others)
  A bullfrog zombie (D:8)
  2 killer bee zombies (D:5)
  A sky beast zombie (D:6)
  An ice beast zombie (D:6)
  A spectral electric eel (D:6)
  A jelly zombie (D:6)
  3 spectral white imps
  3 adder zombies
  A human zombie (D:6)
  3 gnoll zombies
  A ball python zombie (D:3)
  A dart slug zombie (D:4)
  5 orc zombies
  A spectral ufetubus (D:6)
  54 plants
79 creatures vanquished.

Grand Total: 216 creatures vanquished

Notes
Turn   | Place    | Note
-------+----------+-------------------------------------------
     0 | D:1      | booth the Demonspawn Gladiator began the quest for the Orb.
     0 | D:1      | Reached XP level 1. HP: 16/16 MP: 1/1
   437 | D:1      | Gained mutation: You are partially covered in sharp spines.
                  | [demonic ancestry]
   437 | D:1      | Reached XP level 2. HP: 18/22 MP: 2/2
   619 | D:1      | Reached skill level 3 in Axes
  1112 | D:2      | Gained mutation: You regenerate a little health from kills.
                  | [demonic ancestry]
  1112 | D:2      | Reached XP level 3. HP: 28/28 MP: 3/3
  2118 | D:3      | Gained mutation: You have a pair of small antennae on your
                  | head. [demonic ancestry]
  2118 | D:3      | Reached XP level 4. HP: 11/34 MP: 4/4
  2627 | D:3      | Identified the +1 chain mail "Ruici" {Int+5}
  2700 | D:3      | Found a faded altar of an unknown god.
  2710 | D:3      | Prayed at the altar of an unknown god.
  2710 | D:3      | Became a worshipper of Yredelemnul the Dark
  2710 | D:3      | Reached * piety under Yredelemnul
  3237 | D:4      | Noticed a black bear
  3246 | D:4      | Killed a black bear
  3247 | D:4      | Gained mutation: You have a pair of antennae on your head.
                  | [demonic ancestry]
  3247 | D:4      | Reached XP level 5. HP: 34/41 MP: 5/5
  3377 | D:4      | Gained mutation: You are partially covered in thin metallic
                  | scales. (AC +2) [demonic ancestry]
  3377 | D:4      | Reached XP level 6. HP: 36/47 MP: 6/6
  3530 | D:4      | Found a runed translucent door.
  3531 | D:4      | Noticed Crazy Yiuf
  3546 | D:4      | Killed Crazy Yiuf
  3547 | D:4      | Reached skill level 4 in Axes
  3729 | D:4      | Found a staircase to the Ecumenical Temple.
  3994 | D:5      | Entered Level 5 of the Dungeon
  4048 | D:5      | Found a radiant altar of Vehumet.
  4348 | D:5      | Found Sudghuc's Jewellery Shop.
  4387 | D:5      | Noticed a steam dragon
  4395 | D:5      | Gained mutation: You are mostly covered in sharp spines.
                  | [demonic ancestry]
  4395 | D:5      | Reached XP level 7. HP: 37/54 MP: 7/7
  4412 | D:5      | Killed a steam dragon
  4413 | D:5      | Reached skill level 5 in Axes
  5468 | D:6      | Reached XP level 8. HP: 35/61 MP: 8/8
  5503 | D:6      | Noticed Duvessa
  5504 | D:6      | Noticed Dowan
  5521 | D:6      | Killed Duvessa
  5522 | D:6      | Reached skill level 5 in Dodging
  5530 | D:6      | Reached skill level 5 in Fighting
  5754 | D:6      | Noticed Sigmund
  5761 | D:6      | Reached skill level 6 in Axes
  5772 | D:6      | Killed Sigmund
  5914 | D:6      | Killed Dowan
  5960 | D:6      | Reached skill level 5 in Throwing
  6074 | D:6      | Your ally Sigmund died
  6426 | D:6      | Found an iron altar of Okawaru.
  6774 | D:7      | Found a shimmering blue altar of Sif Muna.
  6781 | D:7      | Reached skill level 7 in Axes
  6787 | D:7      | Gained mutation: You are completely covered in sharp
                  | spines. [demonic ancestry]
  6787 | D:7      | Reached XP level 9. HP: 51/69 MP: 9/9
  6798 | D:7      | Reached ** piety under Yredelemnul
  7012 | D:7      | Reached *** piety under Yredelemnul
  7144 | D:7      | Found Bopsiot's Weapon Boutique.
  7272 | D:7      | Found Guwi's General Store.
  7277 | D:7      | Bought a scroll of blinking for 112 gold pieces
  7277 | D:7      | Bought a scroll of teleportation for 45 gold pieces
  8235 | D:8      | Reached skill level 1 in Invocations
  8402 | D:8      | Found an opulent altar of Gozag.
  8420 | D:8      | Found an ornate altar of the Wu Jian Council.
  8430 | D:8      | Found a sacrificial altar of Ru.
  8437 | D:8      | Found a basalt altar of Yredelemnul.
  8445 | D:8      | Noticed Joseph
  8460 | D:8      | Reached skill level 1 in Maces & Flails
  8470 | D:8      | Reached skill level 8 in Axes
  8471 | D:8      | HP: 3/71 [yak (13)]
  8472 | D:8      | Slain by a yak

Illustrated notes

Levels and vault maps discovered:
D:1:      minmay_arrival_radiant_lines, layout_basic, minmay_cupped
D:2:      layout_basic, minmay_misc_feat_ornament
D:3:      layout_basic, ebering_ecumenical_altar_abandoned
D:4:      layout_basic, minmay_temple_entry_grid, uniq_crazy_yiuf_cottage
D:5:      layout_loops_ring, grunt_temple_overflow_open, serial_shops,
          kennysheep_mini_moat
D:6:      layout_basic, lemuel_round_altar, serial_bayou, serial_bayou_pond_d,
          serial_bayou_pond_c, serial_bayou_pond_d, serial_bayou_lagoon_a,
          uniq_duvessa, uniq_sigmund
D:7:      layout_rooms, mainiacjoe_overflow_tiny_flanked, serial_shops,
          nicolae_shop_bloodbath_and_beyond, nicolae_shop_behind_doors
D:8:      layout_basic, grunt_temple_overflow_cloverleaf,
          nicolae_ashenzari_skybound, uniq_joseph

Skill      XL: |  1  2  3  4  5  6  7  8  9 |
---------------+----------------------------+-----
Throwing       | 2 3 4 5 |  5.8
Axes           | 3 4 5 7 8 |  8.0
Dodging        | 3 4 5 6 |  6.2
Fighting       | 3 4 5 6 |  6.4
Invocations    | 2 |  2.7
Maces & Flails | 1 |  1.6

Action                   |  1- 3 |  4- 6 |  7- 9 || total
-------------------------+-------+-------+-------++-------
Melee: War axe           |    79 |    79 |   145 ||   303
       Punch             |       |     1 |     3 ||     4
Throw: Dart              |       |     1 |       ||     1
       Javelin           |       |       |     1 ||     1
Invok: Recall Undead Har |       |     5 |     8 ||    13
  Use: Scroll            |     2 |     3 |     7 ||    12
       Potion            |       |     1 |     6 ||     7
 Stab: Sleeping          |     1 |       |       ||     1
       Distracted        |       |       |     2 ||     2
Armor: Leather armour    |    18 |    31 |    57 ||   106
Dodge: Dodged            |    44 |    61 |   135 ||   240
